 Dungeon Crawl Stone Soup version 0.28.0-47-ge53b351184 (webtiles) character file.

Game seed: 11547263148764142190

102 bnorton916 the Magician (level 4, -4/24 HPs)
             Began as a Deep Elf Venom Mage on May 10, 2022.
             Slain by Sigmund
             ... wielding a +3 scythe of venom
              (10 damage)
             ... on level 2 of the Dungeon.
             The game lasted 00:08:10 (3074 turns).

bnorton916 the Magician (Deep Elf Venom Mage)       Turns: 3074, Time: 00:08:11

Health: -4/24      AC:  5    Str:  5    XL:     4   Next: 49%
Magic:  9/11       EV: 13    Int: 22    God:
Gold:   58         SH:  0    Dex: 17    Spells: 3/11 levels left

rFire   . . .      SeeInvis .   (no weapon)
rCold   + + .      Faith    .   (no shield)
rNeg    . . .      Spirit   .   a - +0 robe
rPois   .          Reflect  .   l - +2 helmet
rElec   .          Harm     .   (no cloak)
rCorr   .          Rampage  .   (no gloves)
Will    .....                   (no boots)
Stlth   +.........              (no amulet)
HPRegen 0.08/turn               e - ring of protection from cold
MPRegen 0.12/turn               i - ring of protection from cold

@: confused, brilliant
A: agile 1, low MP 1, sense surroundings 1
a: no special abilities


You were on level 2 of the Dungeon.
You visited 1 branch of the dungeon, and saw 2 of its levels.

You collected 58 gold pieces.

Inventory:

Missiles
 j - 2 javelins
Armour
 a - a +0 robe (worn)
 k - the +2 leather armour of Polytheism {rElec}
   (You found it on level 2 of the Dungeon)

   rElec:     It insulates you from electricity.
 l - a +2 helmet (worn)
Jewellery
 e - a ring of protection from cold (left hand)
 i - a ring of protection from cold (right hand)
Scrolls
 b - 3 scrolls of identify {unknown}
 d - a scroll of fear {unknown}
 g - a scroll of blinking {unknown}


   Skills:
 + Level 1.0 Armour
 - Level 2.4 Dodging
 - Level 2.4 Stealth
 + Level 4.2 Spellcasting
 + Level 1.8 Conjurations
 - Level 1.7 Transmutations
 + Level 4.1 Poison Magic


You had 3 spell levels left.
You knew the following spells:

 Your Spells              Type           Power      Damage    Failure   Level
a - Sting                 Tmut/Pois      100%       1d8       3%          1
b - Poisonous Vapours     Pois/Air       40%        N/A       7%          2
c - Searing Ray           Conj           36%        2d5       8%          2
d - Mephitic Cloud        Conj/Pois/Air  20%        N/A       14%         3

Your spell library contained the following spells:

 Spells                   Type           Power      Damage    Failure   Level
 Magic Dart               Conj           72%        1d6       5%          1
 Freeze                   Ice            28%        1d5       11%         1
 Frozen Ramparts          Ice            14%        1d3       32%         3
 Olgreb's Toxic Radiance  Pois           34%        N/A       21%         4
 Fulminant Prism          Conj/Hex       6%         3d7       58%         4
 Hailstorm                Conj/Ice       12%        3d5       58%         4


Dungeon Overview and Level Annotations

Branches:
Dungeon (2/15)

Altars:

Annotations:
D:2 Sigmund


Innate Abilities, Weirdness & Mutations

You are agile. (Dex +2)
Your magical capacity is low. (-10% MP)
You passively map a small area around you.


Message History

Aiming: Poisonous Vapours (safe; 7% risk of failure)
Press: ? - help, Dir - move target, f/p - Sigmund
Aim: Sigmund, wielding a +3 scythe of venom and wearing a +0 robe (lightly wounded, poisoned) Poisonous vapours surround Sigmund!
Sigmund looks even sicker.
Sigmund closely misses you.
Unknown command.
Casting: Poisonous Vapours (safe; 7% risk of failure)
Confirm with . or Enter, or press ? or * to list all spells.
Aiming: Poisonous Vapours (safe; 7% risk of failure)
Press: ? - help, Dir - move target, f/p - Sigmund
Aim: Sigmund, wielding a +3 scythe of venom and wearing a +0 robe (moderately wounded, very poisoned) Poisonous vapours surround Sigmund!
Sigmund looks even sicker.
Sigmund screams, "You will never...
NEVER!!!"
Sigmund hits you from afar with a +3 scythe of venom.
You are poisoned.
You feel sick.
You feel sick.
You feel sick.
You feel sick.
You feel sick. Sigmund gestures at you while chanting.
You are confused.
You bump into the rock wall.
You feel sick.
You bump into the rock wall.
You feel sick.
Sigmund mumbles some strange words.
Sigmund flickers and vanishes!
Deactivating autopickup; reactivate with Ctrl-A.
You feel sick.
You are no longer poisoned.
You hear some strange, mumbled words.
You are more confused.
It was a potion of mutation.
You feel extremely strange.
You feel a strange attunement to the structure of the dungeons.
You feel less energetic.
You feel agile.
You hear some strange, mumbled words.
You are more confused.
It was a potion of brilliance.
You feel clever all of a sudden. Something hits you!
You die...

#...............### #.#.# #.#.
.........##'###...####.#.# #.#.
.....................).#.#####...
...............)...#####....####.
...#'####......................#.
####..# #............###.........
#####.#############..####.#..#.#.
............................)..>.
..####.#########@##.........#....
#.# #..# #.##.......#....##
#.#####.# #{########.#.####
......#.########.#...# #......#
..............##.#.#.# ###.##.#
......#.....#.##.#.#.# #.##.#
......##....#....#.#.# #.##.#
..... #.####....#.#.######.##.#
.....###.####....#.#........##.#


There were no monsters in sight!

Vanquished Creatures
  An orc wizard (D:2)
  3 gnolls (D:2)
  A worm (D:2)
  A dart slug (D:1)
  3 orcs (D:2)
  6 ball pythons
  3 endoplasms
  A giant cockroach (D:1)
  3 goblins (D:2)
  8 hobgoblins
  A quokka (D:2)
  2 bats (D:1)
  2 frilled lizards (D:2)
  2 kobolds
  2 rats
39 creatures vanquished.

Notes
Turn   | Place    | Note
-------+----------+-------------------------------------------
     0 | D:1      | bnorton916 the Deep Elf Venom Mage began the quest for the
                  | Orb.
     0 | D:1      | Reached XP level 1. HP: 10/10 MP: 6/6
   531 | D:1      | You fall into a shaft and drop 1 floor!
   608 | D:2      | Reached XP level 2. HP: 15/15 MP: 6/8
   825 | D:2      | Learned a level 2 spell: Poisonous Vapours
   828 | D:2      | Learned a level 2 spell: Searing Ray
   836 | D:2      | Noticed Sigmund
  1567 | D:1      | Found a faded altar of an unknown god.
  2018 | D:2      | Identified the +2 leather armour of Polytheism {rElec}
  2047 | D:2      | Reached XP level 3. HP: 19/19 MP: 7/10
  2137 | D:2      | Reached skill level 1 in Conjurations
  2207 | D:2      | Learned a level 3 spell: Mephitic Cloud
  2326 | D:2      | Reached XP level 4. HP: 24/24 MP: 6/12
  2880 | D:2      | Reached skill level 1 in Armour
  3073 | D:2      | Gained mutation: You passively map a small area around you.
                  | [potion of mutation]
  3073 | D:2      | Gained mutation: Your magical capacity is low. (-10% MP)
                  | [potion of mutation]
  3073 | D:2      | Gained mutation: You are agile. (Dex +2) [potion of
                  | mutation]
  3074 | D:2      | Slain by Sigmund

Illustrated notes

Levels and vault maps discovered:
D:1:      dpeg_arrival_more_subterranean_lakeside_camping, layout_basic,
          shapermc_ecumenical_altar_acropolis, roderic_lattice_a
D:2:      layout_basic, uniq_sigmund

Skill      XL: |  1  2  3  4 |
---------------+-------------+-----
Conjurations   | 1 |  1.8
Spellcasting   | 4 |  4.2
Poison Magic   | 4 |  4.1
Armour         | 1 |  1.0
Dodging        | |  2.4
Stealth        | |  2.4
Transmutations | |  1.7

Action                   |  1- 3 |  4- 6 || total
-------------------------+-------+-------++-------
Melee: Unarmed           |     4 |       ||     4
 Cast: Sting             |    41 |    10 ||    51
       Poisonous Vapours |     8 |    11 ||    19
       Searing Ray       |     3 |       ||     3
  Use: Potion            |     1 |     2 ||     3
Armor: Robe              |     3 |     3 ||     6
Dodge: Dodged            |    16 |     6 ||    22
